 Dungeon Crawl Stone Soup version 0.29-a0-563-g64e4043184 (webtiles) character file.

Game seed: 2244595470905875467

4 nobbins the Gusty (level 1, 0/14 HPs)
             Began as a Draconian Air Elementalist on June 11, 2022.
             Slain by a hobgoblin (4 damage)
             ... on level 1 of the Dungeon.
             The game lasted 00:00:53 (137 turns).

nobbins the Gusty (Draconian Air Elementalist)       Turns: 137, Time: 00:00:53

Health: 0/14       AC:  4    Str: 10    XL:     1   Next: 50%
Magic:  3/3        EV: 12    Int: 15    God:
Gold:   0          SH:  0    Dex: 11    Spells: 3/4 levels left

rFire   . . .      SeeInvis .   (no weapon)
rCold   . . .      Faith    .   (no shield)
rNeg    . . .      Spirit   .   (body armour unavailable)
rPois   .          Reflect  .   (helmet restricted)
rElec   .          Harm     .   (no cloak)
rCorr   .          Rampage  .   (no gloves)
Will    .....                   (no boots)
Stlth   ++........              (no amulet)
HPRegen 0.04/turn               (no ring)
MPRegen 0.08/turn               (no ring)

@: no status effects
A: AC +4, unfitting armour, cold-blooded
a: no special abilities


You were on level 1 of the Dungeon.
You visited 1 branch of the dungeon, and saw 1 of its levels.

Inventory:

Jewellery
 b - a +6 ring of intelligence
 c - a +6 ring of dexterity
Potions
 a - a potion of magic


   Skills:
 + Level 1.7 Dodging
 + Level 1.7 Stealth
 + Level 2.2 Spellcasting
 + Level 1.0 Conjurations
 + Level 3.1 Air Magic


You had 3 spell levels left.
You knew the following spells:

 Your Spells              Type           Power      Damage    Failure   Level
a - Shock                 Conj/Air       28%        1d4       10%         1

Your spell library contained the following spells:

 Spells                   Type           Power      Damage    Failure   Level
 Static Discharge         Conj/Air       7%         N/A       14%         2
 Swiftness                Air            10%        N/A       19%         3
 Airstrike                Air            5%         N/A       52%         4


Dungeon Overview and Level Annotations

Branches:
Dungeon (1/15)

Altars:


Innate Abilities, Weirdness & Mutations

Your plain brown scales are hard. (AC +4)
You cannot fit into any form of body armour.
You are cold-blooded and may be slowed by cold attacks.


Message History

A dart slug comes into view.
You see here 14 stones.
Found a cabochon ring.
A goblin comes into view. It is wielding a +0 dagger.
The goblin shouts!
Found a scratched wooden ring and a glowing dark potion.
An endoplasm comes into view.
A hobgoblin comes into view.
The dart slug briefly extends its eye-stalks.
You see here a +6 ring of intelligence.
b - a +6 ring of intelligence The goblin closely misses you.
The hobgoblin shouts!
The goblin hits you with a +0 dagger. The dart slug barely misses you.
The goblin hits you with a +0 dagger.
You see here a +6 ring of dexterity.
c - a +6 ring of dexterity The goblin hits you with a +0 dagger.
The dart slug closely misses you.
The hobgoblin hits you but does no damage.
The goblin misses you. The goblin barely misses you. The hobgoblin hits you.
* * * LOW HITPOINT WARNING * * *
The hobgoblin attacks as you move away! The hobgoblin barely misses you.
The hobgoblin attacks as you move away! The hobgoblin barely misses you.
The hobgoblin attacks as you move away!
The hobgoblin hits you but does no damage.
The hobgoblin attacks as you move away! The hobgoblin barely misses you.
The hobgoblin attacks as you move away!
The hobgoblin hits you but does no damage.
The hobgoblin attacks as you move away! The hobgoblin hits you.
* * * LOW HITPOINT WARNING * * *
The dart slug launches a dart at you. The slug dart misses you.
The hobgoblin attacks as you move away! The hobgoblin misses you.
The hobgoblin attacks as you move away!
The hobgoblin hits you but does no damage.
The hobgoblin attacks as you move away! The hobgoblin hits you.
You die...

♣.......P.P
#..#
♣..........
####
♣......####
♣♣.........
♣.........
♣♣....#####
♣.........
♣.........
♣.@.....(.
#.g......♣
#.g......♣
#.......♣♣
#......♣♣
####..#.♣♣♣
#..#..###
.#######..#..#
.......(.....#


You could see a hobgoblin and a goblin.

Vanquished Creatures
  A ball python (D:1)
  An endoplasm (D:1)
  A giant cockroach (D:1)
3 creatures vanquished.

Vanquished Creatures (others)
  A plant (D:1)
1 creature vanquished.

Grand Total: 4 creatures vanquished

Notes
Turn   | Place    | Note
-------+----------+-------------------------------------------
     0 | D:1      | nobbins the Draconian Air Elementalist began the quest for
                  | the Orb.
     0 | D:1      | Reached XP level 1. HP: 14/14 MP: 3/3
   137 | D:1      | Slain by a hobgoblin

Illustrated notes

Levels and vault maps discovered:
D:1:      sevenhm_arrival_forest_fort_large_4, layout_rooms

Action                   || total
-------------------------++-------
Melee: Unarmed           ||     7
 Cast: Shock             ||     7
Armor: Skin              ||     5
Dodge: Dodged            ||    13

Table legend: (Time is in decaauts)
 A = Elapsed time spent in this place.
 B = Non-inter-level travel time spent in this place.
 C = Inter-level travel time spent in this place.
 D = Time resting spent in this place.
 E = Time spent auto-exploring this place.
 F = Levels seen in this place.
 G = Mean time per level.
                   A        B        C        D        E       F      G
               +--------+--------+--------+--------+--------+-----+--------+
         Total |    137 |    137 |      0 |      0 |     27 |   1 |  137.0 |
       Dungeon |    137 |    137 |      0 |      0 |     27 |   1 |  137.0 |
               +--------+--------+--------+--------+--------+-----+--------+

Top non-repeatable levels by time:
     D:1: 137 daAuts
